 Dungeon Crawl Stone Soup version 0.27.0-1-g7a089689b8 (webtiles) character file.

Game seed: 2105090706039680693

39 Smaepdii the Ducker (level 3, -2/29 HPs)
             Began as a Djinni Gladiator on Aug 16, 2021.
             Slain by a shadow imp (4 damage)
             ... summoned by Natasha
             ... on level 2 of the Dungeon.
             The game lasted 00:04:01 (1204 turns).

Smaepdii the Ducker (Djinni Gladiator)              Turns: 1204, Time: 00:04:02

Health: -2/29      AC:  4    Str: 13    XL:     3   Next: 70%
Gold:   29         EV: 12    Int: 10    God:
                   SH:  0    Dex: 14

rFire    + + .     SeeInvis .   a - +0 long sword
rCold    x . .     Faith    .   (no shield)
rNeg     . . .     Spirit   .   b - +0 leather armour
rPois    ∞         Reflect  .   c - +0 helmet
rElec    .         Harm     .   (no cloak)
rCorr    .         Rampage  .   (no gloves)
Will     .....                  (boots unavailable)
Stlth    +.........             (no amulet)
HPRegen  0.09/turn              (no ring)
MPRegen  0.00/turn              (no ring)

@: flying, slowed, very slow
A: sickness immunity, fire resistance 2, cold vulnerability 1, float, innate
caster, hp casting, extra vitality 1
a: no special abilities


You were on level 2 of the Dungeon.
You visited 1 branch of the dungeon, and saw 2 of its levels.

You collected 29 gold pieces.

Inventory:

Hand Weapons
 a - a +0 long sword (weapon)
Missiles
 d - 2 throwing nets (quivered)
 k - 3 javelins
Armour
 b - a +0 leather armour (worn)
 c - a +0 helmet (worn)
Scrolls
 e - a scroll of enchant weapon {unknown}
 f - 4 scrolls of identify {unknown}
 g - 2 scrolls of noise {unknown}
 h - a scroll of magic mapping {unknown}
 i - a scroll of enchant armour {unknown}
 j - a scroll of fear {unknown}


   Skills:
 + Level 2.4 Fighting
 * Level 3.3 Long Blades
 - Level 1.5 Throwing
 + Level 3.7 Dodging
 + Level 0.3 Spellcasting


You had one spell level left.
You knew the following spells:

 Your Spells              Type           Power      Damage    Failure   Level
a - Freeze                Ice            0%         1d3       38%         1
Your spell library was empty.

Dungeon Overview and Level Annotations

Branches:
Dungeon (2/15)

Altars:

Annotations:
D:2 Natasha


Innate Abilities, Weirdness & Mutations

You are immune to sickness and miasma.
You are immune to poison.
Your flesh is very heat resistant. (rF++)
You are vulnerable to cold. (rC-)
You float through the air rather than walking.
You learn spells naturally, not from books.
Your magical power is your life essence.
You have superior vitality. (+4 HP)


Message History

Natasha casts a spell at you.
You feel yourself slow down.
You closely miss Natasha.
Natasha is heavily wounded.
Natasha closely misses you.
Natasha extends her claws.
Natasha claws you but does no damage.
You hit Natasha.
Natasha is severely wounded.
Natasha closely misses you.
You riposte.
You hit Natasha.
Natasha is almost dead.
Natasha mumbles some strange words.
You closely miss Natasha.
Natasha is almost dead.
Natasha stares at you and mumbles some strange words.
The magic dart hits you.
* * * LOW HITPOINT WARNING * * *
Natasha barely misses you.
The shadow imp hits you but does no damage.
You closely miss Natasha.
Natasha is almost dead.
Natasha claws you.
* * * LOW HITPOINT WARNING * * *
The shadow imp completely misses you.
Natasha growls.
Natasha claws you but does no damage.
You closely miss Natasha.
Natasha is almost dead.
The shadow imp completely misses you. Natasha barely misses you.
The shadow imp completely misses you.
You riposte.
You slash the shadow imp!
The shadow imp is severely wounded.
Natasha barely misses you.
You hit Natasha but do no damage.
Natasha is almost dead.
The shadow imp hits you.
* * * LOW HITPOINT WARNING * * *
Natasha barely misses you.
You riposte.
You barely miss Natasha.
Natasha is almost dead.
The shadow imp hits you.
You die...

#.........#
#.........#
#.........#
#.........###
#............
#.........#
##....5....# ...
#....h@....##... #
##..#(######....
..#####..............#
. .........<.......#
...#...............#
.......##..........#
............###..###
.?.....##...###....#
....... #.......##.#


You could see Natasha and a shadow imp (summoned).

Vanquished Creatures
  A dart slug (D:2)
  2 bats (D:1)
  5 endoplasms
  A giant cockroach (D:2)
  A goblin (D:1)
  4 hobgoblins (D:1)
  3 jackals (D:1)
  4 kobolds (D:1)
  3 quokkas (D:1)
  2 ball pythons (D:1)
  A frilled lizard (D:1)
  5 rats (D:1)
32 creatures vanquished.

Notes
Turn   | Place    | Note
-------+----------+-------------------------------------------
     0 | D:1      | Smaepdii the Djinni Gladiator began the quest for the Orb.
     0 | D:1      | Reached XP level 1. HP: 18/18 MP: 0/0
    33 | D:1      | Reached XP level 2. HP: 21/23 MP: 0/0
   526 | D:1      | Found a faded altar of an unknown god.
   533 | D:1      | Reached XP level 3. HP: 28/28 MP: 0/0
   533 | D:1      | Learned a level 1 spell: Freeze
  1180 | D:2      | Noticed Natasha
  1204 | D:2      | Slain by a shadow imp

Illustrated notes

Levels and vault maps discovered:
D:1:      lightli_arrival_lavapool, layout_loops_ring,
          shapermc_ecumenical_altar_venn
D:2:      layout_rooms, roderic_roman_lattice, uniq_natasha

Skill      XL: |  1  2 |
---------------+-------+-----
Long Blades    | 3 |  3.3
Fighting       | |  2.4
Throwing       | |  1.5
Dodging        | |  3.7
Spellcasting   | |  0.3

Action                   || total
-------------------------++-------
Melee: Long sword        ||    81
Throw: Throwing net      ||     1
Armor: Leather armour    ||    28
Dodge: Dodged            ||    60
       Rpst.: Long sword ||    18
